AoeStats
← Convict

MegaRandom

505711085Analyzed
1v1 RM · 22d ago on Sep 10, 2026· 77m 16s· 2 players
Game mode
Random Map
Map size
Tiny (2 player)
Population
200
Speed
Normal
Resources
Standard
Victory
Conquest
Starting age
Dark Age
Ending age
Imperial Age
RankedLock teamsTeams togetherTeam positionsShared explorationLock speedFull tech treeHidden civsTurbo modeCheats
Victory
Defeat
🇷🇴 Slavs · Romania
530
+16
🇸🇰 Franks · Slovakia
520
-16
Convict
11:43 Loom
14:52 Feudal Age
21:09 Castle Age
19:11 Man-at-Arms
20:24 Forging
20:45 Scale Barding Armor
21:18 Double-Bit Axe
23:25 Iron Casting
24:01 Wheelbarrow
25:38 Fervor
26:59 Husbandry
26:56 Fletching
27:08 Scale Mail Armor
29:54 Hand Cart
30:00 Bow Saw
34:47 Bodkin Arrow
35:14 Chain Barding Armor
35:09 Chain Mail Armor
34:56 Padded Archer Armor
36:14 Long Swordsman
36:39 Gambesons
36:15 Pikeman
36:56 Squires
36:41 Arson
39:43 Imperial Age
37:01 Town Watch
37:21 Stone Mining
37:24 Gold Mining
39:03 Leather Archer Armor
39:13 Ballistics
38:50 Murder Holes
40:21 Town Patrol
39:48 Cavalier
39:54 Two-Handed Swordsman
39:58 Halberdier
41:31 Chivalry
41:57 Conscription
41:12 Paladin
42:59 Gold Shaft Mining
43:18 Champion
45:05 Blast Furnace
44:36 Plate Mail Armor
44:41 Plate Barding Armor
44:37 #83
46:36 Chemistry
45:43 Siege Engineers
45:42 Elite Throwing Axeman
52:37 Light Cavalry
55:30 Elite Skirmisher
grooee
0:45 Loom
12:57 Feudal Age
13:18 Horse Collar
13:28 Double-Bit Axe
15:23 Town Watch
16:34 Wheelbarrow
23:05 Castle Age
23:56 Bloodlines
24:08 Heavy Plow
23:32 Pikeman
24:13 Squires
24:30 Bow Saw
24:25 Town Patrol
24:43 Husbandry
24:43 Fletching
25:04 Forging
25:26 Scale Mail Armor
25:40 Bodkin Arrow
26:19 Hand Cart
30:14 Iron Casting
29:55 Chain Mail Armor
29:49 Scale Barding Armor
31:06 Gold Mining
31:07 Stone Mining
31:53 Detinets
34:36 Chain Barding Armor
44:25 Gold Shaft Mining
46:31 Imperial Age
47:34 Conscription
47:15 Druzhina
49:35 Two-Man Saw
49:10 Crop Rotation
48:17 Halberdier
51:01 Hoardings
52:16 Blast Furnace
51:56 Plate Mail Armor
53:16 Plate Barding Armor
52:38 Elite Boyar
69:20 Murder Holes
70:30 Chemistry
Connection lost

Rejoining the realm…

Still unreachable

The connection could not be restored.

Session expired

The server has moved on; the page needs a fresh start.